 Dungeon Crawl Stone Soup version 0.20.1-1-g8b1a95d (console) character file.

14928 hilaritas the Thaumaturge (level 11, -2/62 HPs)
             Began as a Deep Elf Earth Elementalist on Dec 18, 2017.
             Was an Elder of Sif Muna.
             Slain by an elephant (13 damage)
             ... on level 2 of the Lair of Beasts.
             The game lasted 00:50:39 (16972 turns).

hilaritas the Thaumaturge (DEEE)                   Turns: 16972, Time: 00:50:40

Health: -2/62      AC:  8    Str:  6    XL:     11   Next: 95%
Magic:  5/36       EV: 20    Int: 23    God:    Sif Muna [****..]
Gold:   407        SH:  6    Dex: 20    Spells: 20/31 levels left

rFire    . . .     SeeInvis .   n - +0 dagger (pierce)
rCold    . . .     Gourm    +   I - +0 buckler
rNeg     . . .     Faith    .   z - +2 robe {MR+}
rPois    .         Spirit   .   W - +0 hat of Card Tricks {MR+ Dex+5 Slay-3}
rElec    .         Reflect  .   (no cloak)
rCorr    .         Harm     .   U - +1 pair of gloves
MR       +++..                  D - +1 pair of boots
Stlth    ++........             q - amulet of the gourmand
Regen    0.2/turn               B - ring of magical power
MPRegen  0.3/turn               y - ring of wizardry

@: no status effects
A: no striking features
a: Divine Energy, Channel Magic, Forget Spell, Renounce Religion


You were on level 2 of the Lair of Beasts.
You worshipped Sif Muna.
Sif Muna was greatly pleased with you.
You were very full.

You visited 2 branches of the dungeon, and saw 12 of its levels.

You collected 628 gold pieces.
You spent 221 gold pieces at shops.

Inventory:

Hand Weapons
 n - a +0 dagger of piercing (weapon)
Missiles
 b - 177 stones (quivered)
 w - 225 arrows
Armour
 z - a +2 robe of magic resistance (worn)
 D - a +1 pair of boots (worn)
 I - a +0 buckler (worn)
 P - a +0 robe of fire resistance
 U - a +1 pair of gloves (worn)
 W - the +0 hat of Card Tricks (worn) {MR+ Dex+5 Slay-3}
   (You found it on level 2 of the Lair of Beasts)

   It affects your dexterity (+5).
   It affects your accuracy and damage with ranged weapons and melee attacks
   (-3).
   It affects your resistance to hostile enchantments.
Jewellery
 f - a +4 ring of protection
 g - an uncursed ring of positive energy
 q - an amulet of the gourmand (around neck)
 y - a ring of wizardry (right hand)
 B - a ring of magical power (left hand)
 O - an uncursed ring of fire
 T - an uncursed ring of see invisible
Wands
 o - a wand of enslavement (15/24)
 u - a wand of flame (48/48)
 M - a wand of paralysis (15/24)
 S - a wand of acid (11/15)
Scrolls
 h - 6 scrolls of identify
 i - 4 scrolls of teleportation
 l - 4 scrolls of amnesia
 r - 4 scrolls of remove curse
 x - 5 scrolls of enchant armour
 F - a scroll of magic mapping
 K - 2 scrolls of fog
 L - a scroll of blinking
 Q - a scroll of enchant weapon
Potions
 a - a potion of curing
 j - 4 potions of might
 k - a potion of agility
 m - 2 potions of ambrosia
 p - a potion of flight
 s - 3 potions of berserk rage
 v - a potion of haste {unknown}
 A - 3 potions of lignification
 C - a potion of mutation
 E - a potion of invisibility
 G - 2 potions of brilliance
 R - 2 potions of resistance
 V - a potion of heal wounds {unknown}
Books
 e - a book of Geomancy

   Spells                             Type                      Level
   a - Sandblast                      Earth                        1
   b - Passwall                       Transmutation/Earth          2
   c - Stone Arrow                    Conjuration/Earth            3
   d - Petrify                        Transmutation/Earth          4
   e - Lee's Rapid Deconstruction     Earth                        5
 H - a book of Debilitation

   Spells                             Type                      Level
   a - Corona                         Hexes                        1
   b - Slow                           Hexes                        2
   c - Inner Flame                    Hexes/Fire                   3
   d - Portal Projectile              Hexes/Translocation          3
   e - Cause Fear                     Hexes                        4
   f - Leda's Liquefaction            Hexes/Earth                  4
 N - a book of Changes

   Spells                             Type                      Level
   a - Beastly Appendage              Transmutation                1
   b - Sticks to Snakes               Transmutation                2
   c - Spider Form                    Transmutation/Poison         3
   d - Ice Form                       Ice/Transmutation            4
   e - Blade Hands                    Transmutation                5
Comestibles
 c - 8 meat rations
 d - 9 bread rations
 t - 18 royal jellies
 J - 4 fruits


   Skills:
 * Level 4.9 Fighting
 * Level 4.9 Armour
 * Level 9.3 Dodging
 - Level 2.4 Stealth
 - Level 5.0 Shields
 - Level 10.7 Spellcasting
 - Level 5.0 Conjurations
 - Level 1.1 Transmutations
 - Level 8.1 Earth Magic
 - Level 10.0 Invocations


You had 20 spell levels left.
You knew the following spells:

 Your Spells              Type           Power        Failure   Level  Hunger
a - Sandblast             Erth           #####.       1%          1    None
b - Stone Arrow           Conj/Erth      #####.       1%          3    None
c - Lee's Rapid Deconstr  Erth           #####.....   1%          5    ####...
d - Sticks to Snakes      Tmut           ###.....     1%          2    None


Dungeon Overview and Level Annotations

Branches:
Dungeon (10/15)            Temple (0/1) D:7            Lair (2/6) D:8
    Orc (0/2) D:10
  Swamp: Lair:2-4    Shoals: Lair:2-4     Snake: Lair:2-4    Spider: Lair:2-4

Altars:
Ashenzari
Elyvilon
Gozag
Hepliaklqana
Kikubaaqudgha
Makhleb
Okawaru
Ru
Sif Muna
Uskayaw
Vehumet
Xom
The Shining One

Shops:
D:5 !   D:6 *   D:8 ?


Message History

Confirm with . or Enter, or press ? or * to list all spells.
Aiming: Stone Arrow
Press: ? - help, Shift-Dir - straight line, f/p - elephant
Aim: an elephant (severely wounded)
The stone arrow hits the elephant.
The elephant is severely wounded.
The elephant misses you. The elephant closely misses you.
Casting: Stone Arrow
Confirm with . or Enter, or press ? or * to list all spells.
Aiming: Stone Arrow
Press: ? - help, Shift-Dir - straight line, f/p - elephant
Aim: an elephant (severely wounded)
The stone arrow hits the elephant.
The elephant is almost dead.
You block the elephant's attack.
The elephant trunk-slaps you but does no damage.
The elephant trumpets!
You see here a hydra corpse.
The elephant tramples you!
You die...

##...............##
#....#........##P##
##...P.#......####.
##..<....[....## ##
#..............# #
##.............# #
##.............# #
#....Y#Y.......#
#.............##
##..............#
#..@...........##
##.†Y..........# #
#.†...........# #
#.............#
#.#P.#####.P.##
###### ###.# ###


You could see 3 elephants.

Vanquished Creatures
  A hydra (Lair:2)
  3 two-headed ogres
  Pikel (D:5)
  An elephant (Lair:2)
  A black mamba (Lair:2)
  Psyche (D:8)
  2 komodo dragons
  2 spiny frogs
  A queen bee (D:9)
  The ghost of ceb the Ducker, an amateur DsGl (D:4)
  3 hippogriffs
  A wraith (D:10)
  7 yaks (Lair:1)
  A wyvern (D:10)
  A hungry ghost (D:10)
  Menkaure (D:4)
  4 wargs
  3 water moccasins
  A porcupine (Lair:1)
  2 ice beasts (D:7)
  4 phantoms
  2 orc warriors
  7 ogres
  5 wolves
  5 centaurs
  A crocodile (Lair:1)
  A big kobold (D:7)
  6 bullfrogs
  A scorpion (D:6)
  28 killer bees (D:9)
  3 electric eels (D:10)
  5 crimson imps
  A centaur zombie (D:7)
  A quasit (D:6)
  2 bullfrog zombies
  5 hounds
  4 jellies
  13 orc priests
  9 orc wizards
  Jessica (D:3)
  Natasha (thrice) (D:3)
  6 iguanas
  20 worker ants
  2 killer bee zombies (D:9)
  A hound zombie (D:10)
  A hound skeleton (D:4)
  2 worker ant zombies
  Robin (D:3)
  15 adders
  5 shadow imps
  2 oozes (D:3)
  2 adder zombies
  2 adder skeletons (D:4)
  5 dart slugs
  A worm (D:4)
  9 leopard geckos
  47 orcs
  13 bats
  7 giant cockroaches
  11 goblins
  16 hobgoblins
  11 jackals
  8 kobolds
  3 quokkas
  3 ball pythons
  A ball python skeleton (D:4)
  3 frilled lizards
  2 jackal zombies
  2 leopard gecko skeletons
  A quokka zombie (D:8)
  10 rats
  A fungus (D:10)
358 creatures vanquished.

Vanquished Creatures (others)
  A hound (D:5)
  A worker ant zombie (D:5)
  2 adders (D:5)
  A worm (D:5)
  A leopard gecko (D:5)
  A giant cockroach (D:5)
  3 fungi
  A plant (Lair:2)
11 creatures vanquished.

Grand Total: 369 creatures vanquished

Notes
Turn   | Place    | Note
-------+----------+-------------------------------------------
     0 | D:1      | hilaritas the Deep Elf Earth Elementalist began the quest for the Orb.
     0 | D:1      | Reached XP level 1. HP: 10/10 MP: 6/6
   271 | D:1      | Reached XP level 2. HP: 15/15 MP: 5/8
  1353 | D:2      | Reached XP level 3. HP: 14/19 MP: 5/9
  1360 | D:2      | Learned a level 3 spell: Stone Arrow
  1575 | D:2      | Reached skill level 5 in Earth Magic
  1876 | D:2      | Found a deep blue altar of Sif Muna.
  1884 | D:2      | Became a worshipper of Sif Muna the Loreminder
  2095 | D:2      | Reached XP level 4. HP: 24/24 MP: 8/10
  2683 | D:2      | Reached skill level 1 in Conjurations
  3032 | D:3      | Noticed Natasha
  3037 | D:3      | Killed Natasha
  3037 | D:3      | Reached skill level 1 in Invocations
  3332 | D:3      | Noticed Natasha
  3337 | D:3      | Killed Natasha
  3337 | D:3      | Reached XP level 5. HP: 16/28 MP: 3/11
  3462 | D:3      | Noticed Jessica
  3470 | D:3      | Killed Jessica
  3485 | D:3      | Learned a level 5 spell: Lee's Rapid Deconstruction
  3677 | D:3      | Noticed Natasha
  3679 | D:3      | Killed Natasha
  3772 | D:3      | Noticed Robin
  3788 | D:3      | Killed Robin
  4020 | D:3      | Reached XP level 6. HP: 32/32 MP: 8/14
  4271 | D:3      | Found a sacrificial altar of Ru.
  4614 | D:4      | Reached skill level 5 in Spellcasting
  4866 | D:4      | Reached * piety under Sif Muna
  4953 | D:4      | Reached XP level 7. HP: 36/36 MP: 8/18
  5340 | D:4      | Noticed Menkaure
  5344 | D:4      | Killed Menkaure
  5669 | D:4      | Noticed ceb's ghost (amateur DsGl)
  5682 | D:4      | Killed ceb's ghost
  5922 | D:4      | Reached skill level 5 in Invocations
  6110 | D:5      | Entered Level 5 of the Dungeon
  6112 | D:5      | Noticed Pikel
  6120 | D:5      | Killed Pikel
  6120 | D:5      | Reached ** piety under Sif Muna
  6120 | D:5      | Reached XP level 8. HP: 35/41 MP: 2/21
  6239 | D:5      | Found a shimmering altar of Xom.
  6444 | D:5      | Noticed a dagger
  6450 | D:5      | Found a hide-covered altar of Uskayaw.
  6450 | D:5      | Noticed a dagger
  6458 | D:5      | Found Pedax's Distillery.
  6464 | D:5      | Bought a potion of degeneration for 13 gold pieces
  6464 | D:5      | Bought a potion of mutation for 104 gold pieces
  6595 | D:5      | Found a glowing golden altar of the Shining One.
  7084 | D:5      | Reached skill level 5 in Conjurations
  7315 | D:6      | Reached XP level 9. HP: 45/45 MP: 19/22
  7324 | D:6      | Found Xotac's Elemental Accessories.
  7880 | D:6      | Found an opulent altar of Gozag.
  7992 | D:6      | Reached *** piety under Sif Muna
  8452 | D:7      | Noticed a two-headed ogre
  8461 | D:7      | Killed a two-headed ogre
  8461 | D:7      | Reached skill level 10 in Spellcasting
  8516 | D:7      | Found a staircase to the Ecumenical Temple.
  8534 | D:7      | Found a hazy altar of Hepliaklqana.
  8534 | D:7      | Found a shimmering altar of Xom.
  8534 | D:7      | Found an iron altar of Okawaru.
  8534 | D:7      | Found an ancient bone altar of Kikubaaqudgha.
  8831 | D:7      | Reached skill level 1 in Armour
  8860 | D:7      | Reached skill level 1 in Fighting
  8883 | D:7      | Reached skill level 1 in Shields
  9067 | D:7      | Found a burning altar of Makhleb.
  9070 | D:7      | Found a radiant altar of Vehumet.
  9176 | D:7      | Found a white marble altar of Elyvilon.
  9289 | D:7      | Reached XP level 10. HP: 52/52 MP: 26/26
  9771 | D:8      | Found Cupnats's Magic Scroll Shoppe.
  9779 | D:8      | Bought a scroll of fog for 22 gold pieces
  9779 | D:8      | Bought a scroll of blinking for 82 gold pieces
 10015 | D:8      | Found a staircase to the Lair.
 10455 | D:8      | Found a shattered altar of Ashenzari.
 10727 | D:8      | Noticed Psyche
 10731 | D:8      | Killed Psyche
 10949 | D:8      | Noticed a two-headed ogre
 10961 | D:8      | Killed a two-headed ogre
 10961 | D:8      | Reached skill level 5 in Dodging
 11645 | D:9      | Learned a level 2 spell: Sticks to Snakes
 11820 | D:9      | Reached **** piety under Sif Muna
 12173 | D:9      | Reached XP level 11. HP: 55/60 MP: 25/27
 12916 | D:10     | Entered Level 10 of the Dungeon
 13182 | D:10     | Found a staircase to the Orcish Mines.
 13832 | D:10     | Noticed a two-headed ogre
 13837 | D:10     | Killed a two-headed ogre
 14362 | Lair:1   | Entered Level 1 of the Lair of Beasts
 14368 | Lair:1   | Reached skill level 10 in Invocations
 16218 | Lair:2   | Got a shimmering hat
 16229 | Lair:2   | Identified the +0 hat of Card Tricks {MR+ Dex+5 Slay-3} (You found it on level 2 of the Lair of Beasts)
 16561 | Lair:2   | Noticed a five-headed hydra
 16685 | Lair:2   | Reached skill level 5 in Shields
 16941 | Lair:2   | Killed a five-headed hydra
 16972 | Lair:2   | Slain by an elephant

Skill      XL: |  1  2  3  4  5  6  7  8  9 10 11 |
---------------+----------------------------------+-----
Earth Magic    | 4 5 7 8 |  8.1
Conjurations   | 2 4 5 |  5.0
Invocations    | 2 3 4 5 6 8 9 10 | 10.0
Spellcasting   | 4 6 7 10 | 10.7
Armour         | 1 3 4 |  4.9
Fighting       | 1 3 4 |  4.9
Dodging        | 3 5 9 |  9.3
Shields        | 1 3 5 |  5.0
Stealth        | |  2.4
Transmutations | |  1.1

Action                   |  1- 3 |  4- 6 |  7- 9 | 10-12 || total
-------------------------+-------+-------+-------+-------++-------
Melee: Unarmed           |     9 |       |       |       ||     9
       Dagger            |       |     4 |       |       ||     4
Throw: Stone             |       |       |       |     1 ||     1
 Cast: Sandblast         |    35 |   107 |    84 |   110 ||   336
       Stone Arrow       |     5 |    10 |    70 |   149 ||   234
       Lee's Rapid Decon |       |     1 |    11 |    62 ||    74
  Use: Scroll            |       |     6 |     9 |     9 ||    24
       Potion            |       |       |       |     2 ||     2
  Eat: Chunk             |     4 |     9 |    27 |    31 ||    71
Armor: Robe              |     8 |     6 |    12 |    24 ||    50
       Skin              |       |       |       |     6 ||     6
Dodge: Dodged            |    20 |    34 |    32 |   158 ||   244
Block: Buckler           |       |       |     4 |    49 ||    53
